WCHLSIM.com - West Coast Hockey League
html PUBLIC "-//W3C//DTD XHTML 1.0 Transitional//EN" "http://www.w3.org/TR/xhtml1/DTD/xhtml1-transitional.dtd"> WCHL - Game 579 - KANSAS CITY KILLERBEES vs SPOKANE KNIGHTS

KANSAS CITY KILLERBEES vs SPOKANE KNIGHTS

Created - 5 janvier 2020 at 11:20

Goals
1 2 3 T
KANSAS CITY KILLERBEES 1 1 0 2
SPOKANE KNIGHTS 2 0 1 3
Shots
1 2 3 T
KANSAS CITY KILLERBEES 7 7 12 26
SPOKANE KNIGHTS 20 11 7 38

1st period

1. SPOKANE KNIGHTS , Mikael Backlund 21 (Tomas Hertl 28, Anton Stralman 12) at 2:32 (PP)
2. KANSAS CITY KILLERBEES , Alexander DeBrincat 17 (Mark Stone 36, Sean Couturier 21) at 8:40 (PP)
3. SPOKANE KNIGHTS , Sebastian Aho 26 (Blake Wheeler 28) at 11:26

Penalties :
Dylan DeMelo (KCK) for High sticking (Minor) at 0:40, Anton Stralman (SPO) for High sticking (Minor) at 5:34, Valentin Zykov (SPO) for High sticking (Minor) at 7:58, Blake Wheeler (SPO) for Tripping (Minor) at 16:47

2nd period

4. KANSAS CITY KILLERBEES , Mark Stone 28 (Sean Couturier 22) at 18:35

Penalties :
Sean Couturier (KCK) for Hooking (Minor) at 13:11

3rd period

5. SPOKANE KNIGHTS , Blake Wheeler 17 (Sebastian Aho 39, Anton Stralman 13) at 17:50

Penalties :
Brooks Orpik (SPO) for Interference (Minor) at 1:57, Mark Stone (KCK) for Hooking (Minor) at 1:57

Goalie Stats

John Gibson (KCK), 35 saves from 38 shots - (0,921), L, 18-11-5, 59:59 minutes
Braden Holtby (SPO), 24 saves from 26 shots - (0,923), W, 25-6-2, 60:00 minutes

Players Stats for KANSAS CITY KILLERBEES

Player Name              G  A  P  +/- PIM S  H  SB GA TA FO     MP     PP MP  PK MP  
------------------------------------------------------------------------------------
Alexander DeBrincat      1  0  1   1  0   4  0  0  0  0  0/2    21:36   2:29   1:16 
Artturi Lehkonen         0  0  0  -1  0   1  0  0  0  0  0/0    12:58   0:00   0:09 
Charlie Coyle            0  0  0  -1  0   4  1  0  0  0  12/24  16:23   1:32   2:02 
Colin Miller             0  0  0   1  0   0  1  2  0  0  0/0    22:42   2:02   2:08 
Dylan DeMelo             0  0  0  -2  2   0  0  2  0  0  0/0    17:08   1:59   1:15 
Greg McKegg              0  0  0   0  0   0  0  0  0  0  0/0     3:59   0:00   0:00 
Hampus Lindholm          0  0  0   1  0   2  0  1  0  0  0/0    23:32   2:02   2:19 
Jacob de la Rose         0  0  0   0  0   0  0  0  0  0  0/0     3:59   0:00   0:00 
Jacob Muzzin             0  0  0  -2  0   0  0  3  0  0  0/0    14:35   0:39   0:41 
Kyle Brodziak            0  0  0   0  0   0  0  0  0  0  3/4     4:22   0:00   0:23 
Mark Pysyk               0  0  0   0  0   0  3  0  0  0  0/0    23:39   2:38   1:19 
Mark Stone               1  1  2   1  2   2  1  0  0  0  1/2    19:28   2:29   1:08 
Mattias Janmark          0  0  0  -1  0   3  0  0  0  0  1/3    15:12   0:39   1:44 
Paul Stastny             0  0  0  -1  0   2  0  0  0  0  12/17  19:01   2:11   0:00 
Rasmus Andersson         0  0  0   0  0   0  0  0  0  0  0/0    18:23   0:00   0:00 
Ryan Kesler              0  0  0  -1  0   0  0  0  0  0  2/2    16:50   0:00   0:00 
Sean Couturier           0  2  2   1  2   6  2  1  0  0  11/28  21:19   2:29   1:00 
William Nylander         0  0  0  -1  0   2  0  0  0  0  0/1    19:01   2:11   0:00 

Players Stats for SPOKANE KNIGHTS

Player Name              G  A  P  +/- PIM S  H  SB GA TA FO     MP     PP MP  PK MP  
------------------------------------------------------------------------------------
Anton Stralman           0  2  2   0  2   1  2  1  0  0  0/0    21:59   1:51   1:44 
Blake Wheeler            1  1  2   2  2   7  2  0  0  0  0/0    19:26   1:51   0:00 
Brooks Orpik             0  0  0   0  2   0  4  1  0  0  0/0    15:23   0:00   1:09 
Kristopher Letang        0  0  0   1  0   2  3  1  0  0  0/0    22:44   2:00   1:55 
Marcus Kruger            0  0  0   0  0   0  0  0  0  0  1/3     4:10   0:00   0:00 
Matthew Tkachuk          0  0  0   0  0   2  0  0  0  0  0/0    17:14   2:00   0:00 
Mikael Backlund          1  0  1  -1  0   2  1  0  0  0  7/17   18:17   1:51   2:30 
P.K. Subban              0  0  0   0  0   0  0  1  0  0  0/0    14:15   0:00   0:00 
Patrick Kane             0  0  0   0  0   1  0  0  0  0  0/1    17:14   2:00   0:00 
Phillip Danault          0  0  0   0  0   5  1  0  0  0  13/23  19:02   0:00   2:10 
Sebastian Aho            1  1  2   2  0   7  1  0  0  0  14/30  17:43   2:00   0:00 
Tomas Hertl              0  1  1   2  0   7  0  0  0  0  1/2    20:44   1:51   2:10 
Tyler Johnson            0  0  0  -1  0   1  1  0  0  0  1/1    18:54   0:00   0:00 
Tyler Pitlick            0  0  0   0  0   0  0  0  0  0  0/0     0:00   0:00   0:00 
Valentin Zykov           0  0  0   0  2   0  2  0  0  0  0/0     4:09   0:00   0:00 
Victor Hedman            0  0  0   1  0   0  1  0  0  0  0/0    22:36   2:00   1:47 
Vincent Trocheck         0  0  0  -1  0   2  1  1  0  0  4/6    16:26   0:00   2:30 
Zdeno Chara              0  0  0   0  0   1  3  2  0  0  0/0    23:01   1:51   2:45 

3 Stars

1 - Sebastian Aho (SPO)
2 - Blake Wheeler (SPO)
3 - Mark Stone (KCK)

Power Play

KANSAS CITY KILLERBEES - 1 on 3 Attempt(s) - 33,33%
SPOKANE KNIGHTS - 1 on 2 Attempt(s) - 50,00%

Penalty Kill

KANSAS CITY KILLERBEES - 1 on 2 Attempt(s) - 50,00% - Score 0 goal in Penalty Kill
SPOKANE KNIGHTS - 2 on 3 Attempt(s) - 66,67% - Score 0 goal in Penalty Kill

Team Stat

KANSAS CITY KILLERBEES - Hits : 8 - Faceoff Wins : 42 - Blocked Shots : 9 - Penalty Minutes : 6
SPOKANE KNIGHTS - Hits : 22 - Faceoff Wins : 41 - Blocked Shots : 7 - Penalty Minutes : 8

Official

Referees : Frederick L'Ecuyer and Ryan Hersey
Linesman : Bob Marcis and Brian Lambert

Game Notes

No Game Note

Finance

Level 1 -- Attendance: 7447 (89,19%) -- Ticket Income 945 769 $
Level 2 -- Attendance: 5847 (95,85%) -- Ticket Income 502 842 $
Level 3 -- Attendance: 2400 (100,00%) -- Ticket Income 144 000 $
Level 4 -- Attendance: 6000 (100,00%) -- Ticket Income 234 000 $
Luxury Box -- Attendance: 1150 (100,00%) -- Ticket Income 293 250 $
Total Attendance: 22844 (95,18%)
Total Ticket Income: 2 119 861 $
Other Income: 635 958 $
Total Income: 2 755 819 $

KANSAS CITY KILLERBEES

5 vs 5 Forward 
   Center                   Left Wing                Right Wing               Time % Phy DF OF 
 1 Sean Couturier           Alexander DeBrincat      Mark Stone               33     1   2  2  
 2 Paul Stastny             Ryan Kesler              William Nylander         32     1   2  2  
 3 Charlie Coyle            Mattias Janmark          Artturi Lehkonen         27     1   2  2  
 4 Kyle Brodziak            Jacob de la Rose         Greg McKegg              8      1   2  2  

5 vs 5 Defense 
   Defense                  Defense                                           Time % Phy DF OF 
 1 Hampus Lindholm          Colin Miller                                      37     1   2  2  
 2 Rasmus Andersson         Mark Pysyk                                        37     1   2  2  
 3 Jacob Muzzin             Dylan DeMelo                                      25     1   2  2  
 4 Hampus Lindholm          Colin Miller                                      1      1   2  2  

PowerPlay Forward 
   Center                   Left Wing                Right Wing               Time % Phy DF OF 
 1 Sean Couturier           Alexander DeBrincat      Mark Stone               55     1   2  2  
 2 Charlie Coyle            Paul Stastny             William Nylander         45     1   2  2  

PowerPlay Defense
   Defense                  Defense                                           Time % Phy DF OF 
 1 Colin Miller             Hampus Lindholm                                   50     1   2  2  
 2 Dylan DeMelo             Mark Pysyk                                        50     1   2  2  

Penalty Kill 4 Players Forward 
   Center                   Wing                     Time % Phy DF OF 
 1 Charlie Coyle            Sean Couturier           55     1   2  2  
 2 Mattias Janmark          Mark Stone               45     1   2  2  

Penalty Kill 4 Players Defense
   Defense                  Defense                  Time % Phy DF OF 
 1 Colin Miller             Mark Pysyk               50     1   2  2  
 2 Hampus Lindholm          Dylan DeMelo             50     1   2  2  

Penalty Kill - 3 Players Forward 
   Forward                                           Time % Phy DF OF 
 1 Mark Stone                                        55     1   2  2  
 2 Charlie Coyle                                     45     1   2  2  

Penalty Kill - 3 Players Defense
   Defense                  Defense                  Time % Phy DF OF 
 1 Dylan DeMelo             Rasmus Andersson         50     1   2  2  
 2 Mark Pysyk               Colin Miller             50     1   2  2  

4 vs 4 Forward 
   Center                   Wing                     Time % Phy DF OF 
 1 Sean Couturier           Mark Stone               55     1   2  2  
 2 Paul Stastny             Alexander DeBrincat      45     1   2  2  

4 vs 4 Defense
   Defense                  Defense                  Time % Phy DF OF 
 1 Mark Pysyk               Hampus Lindholm          50     1   2  2  
 2 Colin Miller             Dylan DeMelo             50     1   2  2  

Last Minutes Offensive
   Center                   Left Wing                Right Wing               Defense                  Defense                  
   Sean Couturier           Alexander DeBrincat      Mark Stone               Colin Miller             Hampus Lindholm          

Last Minutes Defensive
   Center                   Left Wing                Right Wing               Defense                  Defense                  
   Sean Couturier           Ryan Kesler              Mark Stone               Mark Pysyk               Hampus Lindholm          

Goaltenders
Starting : John Gibson              
Backup : Jonathan Bernier         

Extra Forwards
Normal : Sean Couturier, Mark Stone, Alexander DeBrincat - PP : Mark Stone, Alexander DeBrincat - PK : Sean Couturier
Extra Defensemen
Normal : Mark Pysyk, Dylan DeMelo, Colin Miller - PP : Colin Miller - PK : Colin Miller, Dylan DeMelo
Penalty Shots
William Nylander, Alexander DeBrincat, Mark Stone, Sean Couturier, Charlie Coyle
Custom OT Lines Forwards
Sean Couturier, Mark Stone, William Nylander, Alexander DeBrincat, Charlie Coyle, Ryan Kesler, Artturi Lehkonen, Paul Stastny, Mattias Janmark, Greg McKegg
Custom OT Lines Defensemen
Hampus Lindholm, Mark Pysyk, Dylan DeMelo, Colin Miller, Rasmus Andersson

Scratches
Cam Fowler (Left Hand Injury), Hunter Shinkaruk (Healthy), Alexandre Carrier (Healthy), Joseph LaBate (Healthy), Nikita Korostelev (Healthy)
Eric Cornel (Healthy), Hunter Warner (Healthy), Jan Rutta (Right Forearm Injury), Peter Cehlarik (Healthy), Reece Scarlett (Healthy)
Steven Spinner (Healthy)

SPOKANE KNIGHTS

5 vs 5 Forward 
   Center                   Left Wing                Right Wing               Time % Phy DF OF 
 1 Sebastian Aho            Tomas Hertl              Blake Wheeler            32     1   2  2  
 2 Phillip Danault          Matthew Tkachuk          Patrick Kane             32     1   2  2  
 3 Mikael Backlund          Vincent Trocheck         Tyler Johnson            31     1   2  2  
 4 Marcus Kruger            Valentin Zykov           Tyler Johnson            5      1   2  2  

5 vs 5 Defense 
   Defense                  Defense                                           Time % Phy DF OF 
 1 Victor Hedman            Kristopher Letang                                 33     1   2  2  
 2 Zdeno Chara              Anton Stralman                                    33     1   2  2  
 3 P.K. Subban              Brooks Orpik                                      24     1   2  2  
 4 P.K. Subban              Brooks Orpik                                      10     1   2  2  

PowerPlay Forward 
   Center                   Left Wing                Right Wing               Time % Phy DF OF 
 1 Sebastian Aho            Matthew Tkachuk          Patrick Kane             60     1   1  3  
 2 Mikael Backlund          Tomas Hertl              Blake Wheeler            40     1   1  3  

PowerPlay Defense
   Defense                  Defense                                           Time % Phy DF OF 
 1 Victor Hedman            Kristopher Letang                                 60     1   1  3  
 2 Zdeno Chara              Anton Stralman                                    40     1   1  3  

Penalty Kill 4 Players Forward 
   Center                   Wing                     Time % Phy DF OF 
 1 Vincent Trocheck         Mikael Backlund          55     1   3  1  
 2 Phillip Danault          Tomas Hertl              45     1   3  1  

Penalty Kill 4 Players Defense
   Defense                  Defense                  Time % Phy DF OF 
 1 Zdeno Chara              Anton Stralman           60     1   3  1  
 2 Kristopher Letang        Victor Hedman            40     1   3  1  

Penalty Kill - 3 Players Forward 
   Forward                                           Time % Phy DF OF 
 1 Phillip Danault                                   60     0   5  0  
 2 Sebastian Aho                                     40     0   5  0  

Penalty Kill - 3 Players Defense
   Defense                  Defense                  Time % Phy DF OF 
 1 Kristopher Letang        Victor Hedman            60     0   5  0  
 2 Anton Stralman           Zdeno Chara              40     0   5  0  

4 vs 4 Forward 
   Center                   Wing                     Time % Phy DF OF 
 1 Sebastian Aho            Tomas Hertl              50     1   2  2  
 2 Phillip Danault          Blake Wheeler            50     1   2  2  

4 vs 4 Defense
   Defense                  Defense                  Time % Phy DF OF 
 1 Kristopher Letang        Victor Hedman            60     1   2  2  
 2 Anton Stralman           Zdeno Chara              40     1   2  2  

Last Minutes Offensive
   Center                   Left Wing                Right Wing               Defense                  Defense                  
   Sebastian Aho            Tomas Hertl              Blake Wheeler            Kristopher Letang        Victor Hedman            

Last Minutes Defensive
   Center                   Left Wing                Right Wing               Defense                  Defense                  
   Phillip Danault          Tomas Hertl              Blake Wheeler            Kristopher Letang        Victor Hedman            

Goaltenders
Starting : Braden Holtby            
Backup : Craig Anderson           

Extra Forwards
Normal : Tyler Johnson, Mikael Backlund, Patrick Kane - PP : Tyler Johnson, Tomas Hertl - PK : Tyler Johnson
Extra Defensemen
Normal : Zdeno Chara, Anton Stralman, Brooks Orpik - PP : Zdeno Chara - PK : Brooks Orpik, Zdeno Chara
Penalty Shots
Matthew Tkachuk, Patrick Kane, Tomas Hertl, Sebastian Aho, Blake Wheeler
Custom OT Lines Forwards
Sebastian Aho, Tomas Hertl, Phillip Danault, Blake Wheeler, Patrick Kane, Matthew Tkachuk, Mikael Backlund, Vincent Trocheck, Tyler Johnson, Tyler Pitlick
Custom OT Lines Defensemen
Kristopher Letang, Victor Hedman, Anton Stralman, Zdeno Chara, Brooks Orpik

Scratches
Dmitri Jaskin (Strained Left Knee Injury), Jamie Oleksiak (Healthy), Noah Hanifin (Healthy)

% Time on Ice - KANSAS CITY KILLERBEES

Lines # - Real PCT - Wanted PCT - Time Play
Normal Forward
1 - 32% - 33% - 15:40
2 - 34% - 32% - 16:50
3 - 26% - 27% - 12:49
4 - 8% - 8% - 3:59
Normal Defense
1 - 36% - 37% - 17:40
2 - 37% - 37% - 18:23
3 - 27% - 25% - 13:15
4 - 0% - 1% - 0:00
PP Forward
1 - 53% - 55% - 2:29
2 - 47% - 45% - 2:11
PP Defense
1 - 44% - 50% - 2:02
2 - 56% - 50% - 2:38
PK Forward
1 - 71% - 55% - 2:43
2 - 29% - 45% - 1:08
PK Defense
1 - 34% - 50% - 1:19
2 - 66% - 50% - 2:32
PK3 Forward
1 - 0% - 55%
2 - 0% - 45%
PK3 Defense
1 - 0% - 50%
2 - 0% - 50%
44 Forward
1 - 100% - 55% - 1:59
2 - 0% - 45% - 0:00
44 Defense
1 - 66% - 50% - 1:19
2 - 34% - 50% - 0:40
Last Minute Offensive  - 0:12
Last Minute Defensive  - 0:00
Total
Forward - 60:00
Defense - 60:00

% Time on Ice - SPOKANE KNIGHTS

Lines # - Real PCT - Wanted PCT - Time Play
Normal Forward
1 - 31% - 32% - 15:10
2 - 31% - 32% - 15:14
3 - 29% - 31% - 13:56
4 - 9% - 5% - 4:10
Normal Defense
1 - 35% - 33% - 16:59
2 - 36% - 33% - 17:16
3 - 23% - 24% - 11:11
4 - 6% - 10% - 3:04
PP Forward
1 - 52% - 60% - 2:00
2 - 48% - 40% - 1:51
PP Defense
1 - 52% - 60% - 2:00
2 - 48% - 40% - 1:51
PK Forward
1 - 54% - 55% - 2:30
2 - 46% - 45% - 2:10
PK Defense
1 - 62% - 60% - 2:53
2 - 38% - 40% - 1:47
PK3 Forward
1 - 0% - 60%
2 - 0% - 40%
PK3 Defense
1 - 0% - 60%
2 - 0% - 40%
44 Forward
1 - 28% - 50% - 0:33
2 - 72% - 50% - 1:26
44 Defense
1 - 82% - 60% - 1:38
2 - 18% - 40% - 0:21
Last Minute Offensive  - 0:00
Last Minute Defensive  - 1:00
Total
Forward - 60:00
Defense - 60:00

Play-by-Play

1st period


0:01 of 1st period - Sebastian Aho wins face-off versus Sean Couturier in neutral zone.
0:10 of 1st period - Shot by Tomas Hertl.
0:10 of 1st period - Stopped by John Gibson without a rebound.
0:11 of 1st period - Phillip Danault wins face-off versus Paul Stastny in KANSAS CITY KILLERBEES zone.
0:20 of 1st period - Shot by Phillip Danault.
0:20 of 1st period - Stopped by John Gibson without a rebound.
0:21 of 1st period - Charlie Coyle wins face-off versus Mikael Backlund in KANSAS CITY KILLERBEES zone.
0:40 of 1st period - Minor Penalty to Dylan DeMelo for High sticking.
0:41 of 1st period - Charlie Coyle wins face-off versus Sebastian Aho in KANSAS CITY KILLERBEES zone.
1:37 of 1st period - Icing by Sebastian Aho.
1:38 of 1st period - Charlie Coyle wins face-off versus Sebastian Aho in SPOKANE KNIGHTS zone.
2:12 of 1st period - Icing by Tomas Hertl.
2:13 of 1st period - Mattias Janmark wins face-off versus Mikael Backlund in SPOKANE KNIGHTS zone.
2:16 of 1st period - Shot by Mattias Janmark.
2:16 of 1st period - Shot Blocked by Anton Stralman.
2:30 of 1st period - Shot by Tomas Hertl.
2:30 of 1st period - Shot Blocked by Colin Miller.
2:32 of 1st period - Shot by Mikael Backlund.
2:32 of 1st period - Goal by Mikael Backlund - KANSAS CITY KILLERBEES : 0 - SPOKANE KNIGHTS : 1.
2:33 of 1st period - Marcus Kruger wins face-off versus Paul Stastny in neutral zone.
3:19 of 1st period - Icing by Mark Pysyk.
3:20 of 1st period - Paul Stastny wins face-off versus Sebastian Aho in KANSAS CITY KILLERBEES zone.
3:20 of 1st period - William Nylander is hit by Blake Wheeler.
3:46 of 1st period - Shot by Blake Wheeler.
3:46 of 1st period - Stopped by John Gibson without a rebound.
3:47 of 1st period - Phillip Danault wins face-off versus Sean Couturier in KANSAS CITY KILLERBEES zone.
4:43 of 1st period - Icing by Colin Miller.
4:44 of 1st period - Tyler Johnson wins face-off versus Alexander DeBrincat in KANSAS CITY KILLERBEES zone.
5:34 of 1st period - Minor Penalty to Anton Stralman for High sticking.
5:35 of 1st period - Phillip Danault wins face-off versus Charlie Coyle in SPOKANE KNIGHTS zone.
6:40 of 1st period - Shot by Sean Couturier.
6:40 of 1st period - Shot Blocked by Zdeno Chara.
6:43 of 1st period - Mark Stone is hit by Brooks Orpik and loses puck.
7:14 of 1st period - Icing by Jacob Muzzin.
7:15 of 1st period - Vincent Trocheck wins face-off versus Mattias Janmark in KANSAS CITY KILLERBEES zone.
7:51 of 1st period - Shot by Tyler Johnson.
7:51 of 1st period - Stopped by John Gibson with a rebound.
7:53 of 1st period - Shot by Kristopher Letang.
7:53 of 1st period - Shot Blocked by Jacob Muzzin.
7:58 of 1st period - Minor Penalty to Valentin Zykov for High sticking.
7:59 of 1st period - Sean Couturier wins face-off versus Vincent Trocheck in SPOKANE KNIGHTS zone.
8:06 of 1st period - Shot by Sean Couturier.
8:06 of 1st period - Stopped by Braden Holtby without a rebound.
8:07 of 1st period - Vincent Trocheck wins face-off versus Sean Couturier in SPOKANE KNIGHTS zone.
8:07 of 1st period - Vincent Trocheck is hit by Sean Couturier.
8:13 of 1st period - Hampus Lindholm is hit by Mikael Backlund and loses puck.
8:40 of 1st period - Shot by Alexander DeBrincat.
8:40 of 1st period - Goal by Alexander DeBrincat - KANSAS CITY KILLERBEES : 1 - SPOKANE KNIGHTS : 1.
8:41 of 1st period - Sebastian Aho wins face-off versus Charlie Coyle in neutral zone.
8:46 of 1st period - Shot by Sebastian Aho.
8:46 of 1st period - Shot Misses the Net.
8:48 of 1st period - Shot by Tomas Hertl.
8:48 of 1st period - Deflect By Sebastian Aho.
8:48 of 1st period - Shot Misses the Net.
8:50 of 1st period - Shot by Sebastian Aho.
8:50 of 1st period - Deflect By Blake Wheeler.
8:50 of 1st period - Stopped by John Gibson without a rebound.
8:51 of 1st period - Sebastian Aho wins face-off versus Paul Stastny in KANSAS CITY KILLERBEES zone.
8:54 of 1st period - Shot by Blake Wheeler.
8:54 of 1st period - Stopped by John Gibson with a rebound.
9:09 of 1st period - Icing by Victor Hedman.
9:10 of 1st period - Sebastian Aho wins face-off versus Sean Couturier in SPOKANE KNIGHTS zone.
9:15 of 1st period - Shot by Sebastian Aho.
9:15 of 1st period - Shot Misses the Net.
9:17 of 1st period - Shot by Victor Hedman.
9:17 of 1st period - Shot Misses the Net.
9:19 of 1st period - Shot by Tomas Hertl.
9:19 of 1st period - Shot Misses the Net.
9:21 of 1st period - Shot by Sebastian Aho.
9:21 of 1st period - Stopped by John Gibson with a rebound.
9:23 of 1st period - Shot by Kristopher Letang.
9:23 of 1st period - Stopped by John Gibson with a rebound.
9:25 of 1st period - Shot by Sebastian Aho.
9:25 of 1st period - Stopped by John Gibson without a rebound.
9:26 of 1st period - Charlie Coyle wins face-off versus Phillip Danault in KANSAS CITY KILLERBEES zone.
10:22 of 1st period - Shot by Mikael Backlund.
10:22 of 1st period - Deflect By Vincent Trocheck.
10:22 of 1st period - Shot Misses the Net.
10:24 of 1st period - Shot by Vincent Trocheck.
10:24 of 1st period - Shot Misses the Net.
10:26 of 1st period - Shot by Mikael Backlund.
10:26 of 1st period - Shot Misses the Net.
10:42 of 1st period - Shot by Vincent Trocheck.
10:42 of 1st period - Shot Misses the Net.
10:55 of 1st period - Icing by Anton Stralman.
10:56 of 1st period - Mikael Backlund wins face-off versus Sean Couturier in SPOKANE KNIGHTS zone.
11:00 of 1st period - Vincent Trocheck is hit by Sean Couturier and loses puck.
11:12 of 1st period - Shot by Tyler Johnson.
11:12 of 1st period - Deflect By Vincent Trocheck.
11:12 of 1st period - Stopped by John Gibson without a rebound.
11:13 of 1st period - Paul Stastny wins face-off versus Sebastian Aho in KANSAS CITY KILLERBEES zone.
11:26 of 1st period - Shot by Sebastian Aho.
11:26 of 1st period - Goal by Sebastian Aho - KANSAS CITY KILLERBEES : 1 - SPOKANE KNIGHTS : 2.
11:27 of 1st period - Phillip Danault wins face-off versus Sean Couturier in neutral zone.
11:30 of 1st period - Shot by Patrick Kane.
11:30 of 1st period - Shot Misses the Net.
11:32 of 1st period - Shot by Matthew Tkachuk.
11:32 of 1st period - Stopped by John Gibson without a rebound.
11:33 of 1st period - Ryan Kesler wins face-off versus Sebastian Aho in KANSAS CITY KILLERBEES zone.
11:35 of 1st period - Paul Stastny is hit by Blake Wheeler and loses puck.
11:43 of 1st period - Paul Stastny is hit by Kristopher Letang and loses puck.
12:40 of 1st period - Shot by Phillip Danault.
12:40 of 1st period - Stopped by John Gibson without a rebound.
12:41 of 1st period - Sean Couturier wins face-off versus Mikael Backlund in KANSAS CITY KILLERBEES zone.
13:02 of 1st period - Shot by Sean Couturier.
13:02 of 1st period - Stopped by Braden Holtby with a rebound.
13:04 of 1st period - Shot by Mark Stone.
13:04 of 1st period - Shot Misses the Net.
13:06 of 1st period - Shot by Hampus Lindholm.
13:06 of 1st period - Stopped by Braden Holtby without a rebound.
13:07 of 1st period - Phillip Danault wins face-off versus Charlie Coyle in SPOKANE KNIGHTS zone.
13:22 of 1st period - Shot by Matthew Tkachuk.
13:22 of 1st period - Stopped by John Gibson without a rebound.
13:23 of 1st period - Sean Couturier wins face-off versus Sebastian Aho in KANSAS CITY KILLERBEES zone.
13:33 of 1st period - Mark Stone is hit by Victor Hedman.
13:35 of 1st period - Shot by Alexander DeBrincat.
13:35 of 1st period - Stopped by Braden Holtby without a rebound.
13:36 of 1st period - Phillip Danault wins face-off versus Charlie Coyle in SPOKANE KNIGHTS zone.
13:54 of 1st period - Shot by Phillip Danault.
13:54 of 1st period - Shot Misses the Net.
13:56 of 1st period - Shot by Phillip Danault.
13:56 of 1st period - Stopped by John Gibson with a rebound.
13:58 of 1st period - Shot by Phillip Danault.
13:58 of 1st period - Stopped by John Gibson without a rebound.
13:59 of 1st period - Sebastian Aho wins face-off versus Sean Couturier in KANSAS CITY KILLERBEES zone.
14:04 of 1st period - Shot by Tomas Hertl.
14:04 of 1st period - Shot Misses the Net.
14:06 of 1st period - Shot by Tomas Hertl.
14:06 of 1st period - Stopped by John Gibson without a rebound.
14:07 of 1st period - Mikael Backlund wins face-off versus Sean Couturier in KANSAS CITY KILLERBEES zone.
14:38 of 1st period - Mark Stone is hit by Tyler Johnson and loses puck.
14:42 of 1st period - Mark Pysyk is hit by Anton Stralman and loses puck.
14:56 of 1st period - Icing by Mark Pysyk.
14:57 of 1st period - Sean Couturier wins face-off versus Sebastian Aho in KANSAS CITY KILLERBEES zone.
15:18 of 1st period - Shot by Sebastian Aho.
15:18 of 1st period - Deflect By Tomas Hertl.
15:18 of 1st period - Shot Misses the Net.
15:20 of 1st period - Shot by Sebastian Aho.
15:20 of 1st period - Shot Hit the Post.
15:22 of 1st period - Shot by Tomas Hertl.
15:22 of 1st period - Stopped by John Gibson without a rebound.
15:23 of 1st period - Charlie Coyle wins face-off versus Phillip Danault in KANSAS CITY KILLERBEES zone.
16:47 of 1st period - Minor Penalty to Blake Wheeler for Tripping.
16:48 of 1st period - Sean Couturier wins face-off versus Vincent Trocheck in SPOKANE KNIGHTS zone.
16:48 of 1st period - Mark Stone is hit by Zdeno Chara and loses puck.
17:15 of 1st period - Shot by Alexander DeBrincat.
17:15 of 1st period - Stopped by Braden Holtby without a rebound.
17:16 of 1st period - Vincent Trocheck wins face-off versus Charlie Coyle in SPOKANE KNIGHTS zone.
17:29 of 1st period - Shot by William Nylander.
17:29 of 1st period - Shot Misses the Net.
17:43 of 1st period - Shot by Charlie Coyle.
17:43 of 1st period - Stopped by Braden Holtby without a rebound.
17:44 of 1st period - Vincent Trocheck wins face-off versus Sean Couturier in SPOKANE KNIGHTS zone.
19:59 of 1st period - Shot by Sebastian Aho.
19:59 of 1st period - Stopped by John Gibson without a rebound.
Goals for this period are 1 for KANSAS CITY KILLERBEES vs 2 for SPOKANE KNIGHTS.
Shots for this period are 7 for KANSAS CITY KILLERBEES vs 20 for SPOKANE KNIGHTS.

2nd period


0:01 of 2nd period - Mikael Backlund wins face-off versus Sean Couturier in neutral zone.
0:26 of 2nd period - Shot by Mark Stone.
0:26 of 2nd period - Shot Misses the Net.
0:40 of 2nd period - Shot by Sean Couturier.
0:40 of 2nd period - Shot Blocked by Kristopher Letang.
1:48 of 2nd period - Off-side.
1:49 of 2nd period - Phillip Danault wins face-off versus Kyle Brodziak in neutral zone.
2:02 of 2nd period - Shot by Patrick Kane.
2:02 of 2nd period - Shot Misses the Net.
2:06 of 2nd period - Shot by Phillip Danault.
2:06 of 2nd period - Stopped by John Gibson with a rebound.
2:08 of 2nd period - Shot by Phillip Danault.
2:08 of 2nd period - Shot Misses the Net.
2:10 of 2nd period - Shot by Zdeno Chara.
2:10 of 2nd period - Shot Blocked by Dylan DeMelo.
2:12 of 2nd period - Shot by Zdeno Chara.
2:12 of 2nd period - Stopped by John Gibson without a rebound.
2:13 of 2nd period - Sebastian Aho wins face-off versus Sean Couturier in KANSAS CITY KILLERBEES zone.
2:29 of 2nd period - Sean Couturier is hit by Brooks Orpik and loses puck.
2:32 of 2nd period - Shot by Mark Stone.
2:32 of 2nd period - Stopped by Braden Holtby without a rebound.
2:33 of 2nd period - Paul Stastny wins face-off versus Phillip Danault in SPOKANE KNIGHTS zone.
3:14 of 2nd period - Shot by Matthew Tkachuk.
3:14 of 2nd period - Shot Misses the Net.
3:16 of 2nd period - Shot by Anton Stralman.
3:16 of 2nd period - Shot Blocked by Hampus Lindholm.
3:39 of 2nd period - Off-side.
3:40 of 2nd period - Sebastian Aho wins face-off versus Charlie Coyle in neutral zone.
4:14 of 2nd period - Shot by Tomas Hertl.
4:14 of 2nd period - Stopped by John Gibson without a rebound.
4:15 of 2nd period - Mikael Backlund wins face-off versus Sean Couturier in KANSAS CITY KILLERBEES zone.
5:50 of 2nd period - Shot by Blake Wheeler.
5:50 of 2nd period - Shot Misses the Net.
5:52 of 2nd period - Shot by Sebastian Aho.
5:52 of 2nd period - Stopped by John Gibson without a rebound.
5:53 of 2nd period - Paul Stastny wins face-off versus Phillip Danault in KANSAS CITY KILLERBEES zone.
6:02 of 2nd period - Off-side.
6:03 of 2nd period - Phillip Danault wins face-off versus Charlie Coyle in neutral zone.
6:21 of 2nd period - Shot by Mattias Janmark.
6:21 of 2nd period - Stopped by Braden Holtby with a rebound.
6:23 of 2nd period - Shot by Dylan DeMelo.
6:23 of 2nd period - Shot Misses the Net.
6:35 of 2nd period - Shot by Charlie Coyle.
6:35 of 2nd period - Deflect By Mattias Janmark.
6:35 of 2nd period - Stopped by Braden Holtby without a rebound.
6:36 of 2nd period - Paul Stastny wins face-off versus Sebastian Aho in SPOKANE KNIGHTS zone.
6:40 of 2nd period - Icing by Sebastian Aho.
6:41 of 2nd period - Paul Stastny wins face-off versus Sebastian Aho in SPOKANE KNIGHTS zone.
6:53 of 2nd period - William Nylander is hit by Kristopher Letang and loses puck.
8:03 of 2nd period - Shot by Patrick Kane.
8:03 of 2nd period - Shot Blocked by Dylan DeMelo.
8:05 of 2nd period - Shot by Matthew Tkachuk.
8:05 of 2nd period - Shot Misses the Net.
8:47 of 2nd period - Matthew Tkachuk is hit by Mark Stone and loses puck.
9:27 of 2nd period - Mikael Backlund is hit by Mark Pysyk.
9:38 of 2nd period - Mikael Backlund is hit by Mark Pysyk and loses puck.
9:42 of 2nd period - Vincent Trocheck is hit by Mark Pysyk and loses puck.
10:14 of 2nd period - Shot by Sebastian Aho.
10:14 of 2nd period - Stopped by John Gibson with a rebound.
10:34 of 2nd period - Shot by Blake Wheeler.
10:34 of 2nd period - Stopped by John Gibson without a rebound.
10:35 of 2nd period - Kyle Brodziak wins face-off versus Marcus Kruger in KANSAS CITY KILLERBEES zone.
10:48 of 2nd period - Shot by Kyle Brodziak.
10:48 of 2nd period - Shot Blocked by Brooks Orpik.
11:24 of 2nd period - Patrick Kane is hit by Colin Miller and loses puck.
12:20 of 2nd period - Shot by Blake Wheeler.
12:20 of 2nd period - Shot Misses the Net.
12:22 of 2nd period - Shot by Tomas Hertl.
12:22 of 2nd period - Shot Blocked by Colin Miller.
12:24 of 2nd period - Shot by Sebastian Aho.
12:24 of 2nd period - Stopped by John Gibson without a rebound.
12:25 of 2nd period - Paul Stastny wins face-off versus Mikael Backlund in KANSAS CITY KILLERBEES zone.
12:25 of 2nd period - Paul Stastny is hit by Vincent Trocheck.
12:35 of 2nd period - Shot by Paul Stastny.
12:35 of 2nd period - Shot Misses the Net.
12:57 of 2nd period - Shot by William Nylander.
12:57 of 2nd period - Shot Blocked by Vincent Trocheck.
13:11 of 2nd period - Minor Penalty to Sean Couturier for Hooking.
13:12 of 2nd period - Sebastian Aho wins face-off versus Charlie Coyle in KANSAS CITY KILLERBEES zone.
13:17 of 2nd period - Shot by Patrick Kane.
13:17 of 2nd period - Shot Misses the Net.
13:19 of 2nd period - Shot by Kristopher Letang.
13:19 of 2nd period - Shot Misses the Net.
14:47 of 2nd period - Icing by Zdeno Chara.
14:48 of 2nd period - Mikael Backlund wins face-off versus Mattias Janmark in SPOKANE KNIGHTS zone.
15:41 of 2nd period - Mark Pysyk is hit by Valentin Zykov and loses puck.
15:45 of 2nd period - Icing by Mark Pysyk.
15:46 of 2nd period - Paul Stastny wins face-off versus Phillip Danault in KANSAS CITY KILLERBEES zone.
16:31 of 2nd period - Shot by Patrick Kane.
16:31 of 2nd period - Stopped by John Gibson without a rebound.
16:32 of 2nd period - Mark Stone wins face-off versus Mikael Backlund in KANSAS CITY KILLERBEES zone.
16:59 of 2nd period - Shot by Alexander DeBrincat.
16:59 of 2nd period - Stopped by Braden Holtby without a rebound.
17:00 of 2nd period - Charlie Coyle wins face-off versus Sebastian Aho in SPOKANE KNIGHTS zone.
17:01 of 2nd period - Shot by Artturi Lehkonen.
17:01 of 2nd period - Stopped by Braden Holtby without a rebound.
17:02 of 2nd period - Sebastian Aho wins face-off versus Charlie Coyle in SPOKANE KNIGHTS zone.
17:37 of 2nd period - Shot by Charlie Coyle.
17:37 of 2nd period - Stopped by Braden Holtby without a rebound.
17:38 of 2nd period - Sean Couturier wins face-off versus Mikael Backlund in SPOKANE KNIGHTS zone.
17:55 of 2nd period - Shot by Vincent Trocheck.
17:55 of 2nd period - Shot Misses the Net.
17:57 of 2nd period - Shot by Mikael Backlund.
17:57 of 2nd period - Stopped by John Gibson without a rebound.
17:58 of 2nd period - Phillip Danault wins face-off versus Paul Stastny in KANSAS CITY KILLERBEES zone.
18:11 of 2nd period - Shot by Kristopher Letang.
18:11 of 2nd period - Stopped by John Gibson without a rebound.
18:12 of 2nd period - Sebastian Aho wins face-off versus Sean Couturier in KANSAS CITY KILLERBEES zone.
18:13 of 2nd period - Shot by Tomas Hertl.
18:13 of 2nd period - Stopped by John Gibson without a rebound.
18:14 of 2nd period - Sean Couturier wins face-off versus Mikael Backlund in KANSAS CITY KILLERBEES zone.
18:33 of 2nd period - Shot by Sean Couturier.
18:33 of 2nd period - Shot Misses the Net.
18:35 of 2nd period - Shot by Mark Stone.
18:35 of 2nd period - Goal by Mark Stone - KANSAS CITY KILLERBEES : 2 - SPOKANE KNIGHTS : 2.
18:36 of 2nd period - Sebastian Aho wins face-off versus William Nylander in neutral zone.
Goals for this period are 1 for KANSAS CITY KILLERBEES vs 0 for SPOKANE KNIGHTS.
Shots for this period are 7 for KANSAS CITY KILLERBEES vs 11 for SPOKANE KNIGHTS.

3rd period


0:01 of 3rd period - Phillip Danault wins face-off versus Mark Stone in neutral zone.
1:32 of 3rd period - Shot by Mikael Backlund.
1:32 of 3rd period - Shot Misses the Net.
1:34 of 3rd period - Shot by Mikael Backlund.
1:34 of 3rd period - Shot Hit the Post.
1:36 of 3rd period - Shot by Vincent Trocheck.
1:36 of 3rd period - Stopped by John Gibson without a rebound.
1:37 of 3rd period - Paul Stastny wins face-off versus Sebastian Aho in KANSAS CITY KILLERBEES zone.
1:37 of 3rd period - Paul Stastny is hit by Sebastian Aho.
1:56 of 3rd period - Icing by Sebastian Aho.
1:57 of 3rd period - Sebastian Aho wins face-off versus Sean Couturier in SPOKANE KNIGHTS zone.
1:57 of 3rd period - Minor Penalty to Brooks Orpik for Interference.
1:57 of 3rd period - Minor Penalty to Mark Stone for Hooking.
1:58 of 3rd period - Sean Couturier wins face-off versus Sebastian Aho in SPOKANE KNIGHTS zone.
2:05 of 3rd period - Shot by Sean Couturier.
2:05 of 3rd period - Stopped by Braden Holtby with a rebound.
2:07 of 3rd period - Shot by Hampus Lindholm.
2:07 of 3rd period - Shot Misses the Net.
2:09 of 3rd period - Shot by Sean Couturier.
2:09 of 3rd period - Stopped by Braden Holtby without a rebound.
2:10 of 3rd period - Phillip Danault wins face-off versus Sean Couturier in SPOKANE KNIGHTS zone.
2:28 of 3rd period - Icing by Sean Couturier.
2:29 of 3rd period - Sean Couturier wins face-off versus Sebastian Aho in KANSAS CITY KILLERBEES zone.
2:38 of 3rd period - Shot by Tomas Hertl.
2:38 of 3rd period - Shot Misses the Net.
2:49 of 3rd period - Shot by Sean Couturier.
2:49 of 3rd period - Stopped by Braden Holtby without a rebound.
2:50 of 3rd period - Phillip Danault wins face-off versus Alexander DeBrincat in SPOKANE KNIGHTS zone.
4:12 of 3rd period - Shot by Mikael Backlund.
4:12 of 3rd period - Shot Misses the Net.
4:25 of 3rd period - Icing by Dylan DeMelo.
4:26 of 3rd period - Paul Stastny wins face-off versus Marcus Kruger in KANSAS CITY KILLERBEES zone.
4:26 of 3rd period - William Nylander is hit by Valentin Zykov and loses puck.
4:39 of 3rd period - Shot by Paul Stastny.
4:39 of 3rd period - Shot Blocked by P.K. Subban.
5:02 of 3rd period - Off-side.
5:03 of 3rd period - Charlie Coyle wins face-off versus Sebastian Aho in neutral zone.
5:33 of 3rd period - Icing by Colin Miller.
5:34 of 3rd period - Charlie Coyle wins face-off versus Phillip Danault in KANSAS CITY KILLERBEES zone.
5:39 of 3rd period - Shot by Artturi Lehkonen.
5:39 of 3rd period - Shot Misses the Net.
7:08 of 3rd period - Paul Stastny is hit by Zdeno Chara and loses puck.
7:56 of 3rd period - Vincent Trocheck is hit by Charlie Coyle and loses puck.
8:53 of 3rd period - Shot by Blake Wheeler.
8:53 of 3rd period - Stopped by John Gibson without a rebound.
8:54 of 3rd period - Kyle Brodziak wins face-off versus Patrick Kane in KANSAS CITY KILLERBEES zone.
8:56 of 3rd period - Jacob Muzzin is hit by Phillip Danault and loses puck.
9:05 of 3rd period - Icing by Kyle Brodziak.
9:06 of 3rd period - Kyle Brodziak wins face-off versus Sebastian Aho in KANSAS CITY KILLERBEES zone.
9:55 of 3rd period - Shot by Tomas Hertl.
9:55 of 3rd period - Shot Blocked by Jacob Muzzin.
10:26 of 3rd period - Shot by Sean Couturier.
10:26 of 3rd period - Shot Hit the Post.
11:34 of 3rd period - Shot by William Nylander.
11:34 of 3rd period - Stopped by Braden Holtby with a rebound.
11:37 of 3rd period - William Nylander is hit by Kristopher Letang and loses puck.
11:40 of 3rd period - Shot by Paul Stastny.
11:40 of 3rd period - Stopped by Braden Holtby without a rebound.
11:41 of 3rd period - Charlie Coyle wins face-off versus Sebastian Aho in SPOKANE KNIGHTS zone.
11:41 of 3rd period - Charlie Coyle is hit by Anton Stralman.
12:03 of 3rd period - Shot by Anton Stralman.
12:03 of 3rd period - Shot Blocked by Jacob Muzzin.
12:05 of 3rd period - Shot by Tomas Hertl.
12:05 of 3rd period - Stopped by John Gibson without a rebound.
12:06 of 3rd period - Sean Couturier wins face-off versus Mikael Backlund in KANSAS CITY KILLERBEES zone.
13:09 of 3rd period - Shot by Paul Stastny.
13:09 of 3rd period - Stopped by Braden Holtby without a rebound.
13:10 of 3rd period - Sebastian Aho wins face-off versus Charlie Coyle in SPOKANE KNIGHTS zone.
13:15 of 3rd period - Shot by Tomas Hertl.
13:15 of 3rd period - Stopped by John Gibson with a rebound.
13:18 of 3rd period - Icing by Dylan DeMelo.
13:19 of 3rd period - Charlie Coyle wins face-off versus Phillip Danault in KANSAS CITY KILLERBEES zone.
13:33 of 3rd period - Icing by Dylan DeMelo.
13:34 of 3rd period - Charlie Coyle wins face-off versus Tomas Hertl in KANSAS CITY KILLERBEES zone.
13:39 of 3rd period - Shot by Charlie Coyle.
13:39 of 3rd period - Stopped by Braden Holtby with a rebound.
13:45 of 3rd period - Shot by Mattias Janmark.
13:45 of 3rd period - Stopped by Braden Holtby without a rebound.
13:46 of 3rd period - Sean Couturier wins face-off versus Phillip Danault in SPOKANE KNIGHTS zone.
14:21 of 3rd period - Shot by Patrick Kane.
14:21 of 3rd period - Shot Blocked by Sean Couturier.
14:57 of 3rd period - Icing by Zdeno Chara.
14:58 of 3rd period - Sebastian Aho wins face-off versus Paul Stastny in SPOKANE KNIGHTS zone.
15:10 of 3rd period - William Nylander is hit by Zdeno Chara.
15:32 of 3rd period - Shot by Paul Stastny.
15:32 of 3rd period - Shot Blocked by Zdeno Chara.
15:54 of 3rd period - Icing by Jacob Muzzin.
15:55 of 3rd period - Mikael Backlund wins face-off versus Charlie Coyle in KANSAS CITY KILLERBEES zone.
16:03 of 3rd period - Icing by Jacob Muzzin.
16:04 of 3rd period - Charlie Coyle wins face-off versus Mikael Backlund in KANSAS CITY KILLERBEES zone.
16:11 of 3rd period - Shot by Charlie Coyle.
16:11 of 3rd period - Stopped by Braden Holtby without a rebound.
16:12 of 3rd period - Mikael Backlund wins face-off versus Sean Couturier in SPOKANE KNIGHTS zone.
16:16 of 3rd period - Mark Pysyk is hit by Brooks Orpik and loses puck.
16:32 of 3rd period - Sean Couturier is hit by Brooks Orpik and loses puck.
16:43 of 3rd period - Shot by Sean Couturier.
16:43 of 3rd period - Stopped by Braden Holtby without a rebound.
16:44 of 3rd period - Ryan Kesler wins face-off versus Phillip Danault in SPOKANE KNIGHTS zone.
17:04 of 3rd period - Shot by William Nylander.
17:04 of 3rd period - Stopped by Braden Holtby with a rebound.
17:06 of 3rd period - Shot by Hampus Lindholm.
17:06 of 3rd period - Stopped by Braden Holtby without a rebound.
17:07 of 3rd period - Tomas Hertl wins face-off versus Charlie Coyle in SPOKANE KNIGHTS zone.
17:34 of 3rd period - Shot by Charlie Coyle.
17:34 of 3rd period - Shot Misses the Net.
17:50 of 3rd period - Shot by Blake Wheeler.
17:50 of 3rd period - Goal by Blake Wheeler - KANSAS CITY KILLERBEES : 2 - SPOKANE KNIGHTS : 3.
17:51 of 3rd period - Paul Stastny wins face-off versus Mikael Backlund in neutral zone.
18:05 of 3rd period - Icing by Paul Stastny.
18:06 of 3rd period - Paul Stastny wins face-off versus Phillip Danault in KANSAS CITY KILLERBEES zone.
19:45 of 3rd period - Shot by Blake Wheeler.
19:45 of 3rd period - Stopped by John Gibson with a rebound.
19:47 of 3rd period - Shot by Anton Stralman.
19:47 of 3rd period - Stopped by John Gibson without a rebound.
19:48 of 3rd period - Phillip Danault wins face-off versus Sean Couturier in KANSAS CITY KILLERBEES zone.
19:59 of 3rd period - KANSAS CITY KILLERBEES, John Gibson is pulled from the net.
Goals for this period are 0 for KANSAS CITY KILLERBEES vs 1 for SPOKANE KNIGHTS.
Shots for this period are 12 for KANSAS CITY KILLERBEES vs 7 for SPOKANE KNIGHTS.


JOHNNY
GAUDREAU
MATTHEW
BOLDY
OWEN
TIPPETT

EAST COAST

HOCKEY LEAGUE

  • 29.PIT6MAN7
  • 30.ATL6NHW2
  • 31.WOR4PET3
  • 32.3RHI4
  • 33.CHIQUE
  • 34.LIMCHA
  • 35.LONTRV
  • 36.BALCHW